cohdb
Replays
Latest Replays
All Replays
Popular Replays
Top Player Replays
Match Explorer
How It Works
Community
CoH3 Stats
Reddit
Sign in to upload your games and track your stats! →
Sign in with Steam
Match 41876011
Unlisted
Match 41876011
Overview
Messages
Build Orders
End
Construct Barracks
Riflemen Squad
M1 Mortar Team
Selects Special Operations Battlegroup
Grenade Package
Riflemen Squad
Air Support Center
Selects M29 Weasel with M1 Pack Howitzer
M29 Weasel with M1 Pack Howitzer
M29 Weasel with M1 Pack Howitzer
P-47 Dive Bomb
Construct Tank Depot
Selects Raiding Flares
M4A1 Sherman Medium Tank
Riflemen Squad
M1918 Browning Automatic Rifles
Raiding Flares
P-47 Dive Bomb
M4(105) Sherman Bulldozer
Engineer Squad
M18 Hellcat Tank Destroyer
Construct Medical Station
Raiding Flares
ngmr86
SKILL
vonAJ
Kris Jungle (PL)
Kozłowski
Mako
WREN_PL
Shady
0
0
Comments
sign in to comment!
No comments posted yet!